 Dungeon Crawl Stone Soup version 0.31-a0-986-g5e6e4ef867 (webtiles) character file.

Game seed: 8367942866528964939

288 ytrimaz the Sneak (level 6, -2/38 HPs)
             Began as an Octopode Shapeshifter on Nov 3, 2023.
             Slain by an orc
             ... wielding a +0 club
              (5 damage)
             ... on level 4 of the Dungeon.
             The game lasted 00:03:00 (2195 turns).

ytrimaz the Sneak (Octopode Shapeshifter)           Turns: 2195, Time: 00:03:01

Health: -2/38      AC:  1    Str: 13    XL:     6   Next: 31%
Magic:  6/6        EV: 13    Int: 12    God:
Gold:   180        SH:  0    Dex: 14    Spells: 5/5 levels left

rFire   . .          .
                       - Unarmed
rCold   . . .        (no shield)
rNeg    . . .        (helmet currently unavailable)
rPois   .            (no amulet)
rElec   .            (no ring)
rCorr   .            (no ring)
SInv    .            (no ring)
Will    .....        (no ring)
Stlth   ++++         (no ring)
HPRegen 0.26/turn    (no ring)
MPRegen 0.10/turn    (no ring)
                     (no ring)

%: no passive effects
@: beast-form, hasted, very quick
A: beast (slay +2), almost no armour, amphibious, 8 rings, camouflage 1,
gelatinous body 1, (nimble swimmer 1), tentacles
a: Begin Untransformation


You were on level 4 of the Dungeon.
You were a hulking beast.
You visited 1 branch of the dungeon, and saw 4 of its levels.

You collected 180 gold pieces.


Innate Abilities, Weirdness & Mutations

You are a hulking beast.
Your limbs bulge with bestial killing power. (Slay +2)
You cannot wear most types of armour.
You are amphibious.
You can wear up to eight rings at the same time.
Your skin changes colour to match your surroundings (Stealth+).
Your rubbery body absorbs attacks. (AC +1, EV +1)
((You are camouflaged when in or above water. (Stealth+)))
You have tentacles for arms and can constrict up to eight enemies at once.


   Skills:
 - Level 1.0 Fighting
 - Level 2.0 Dodging
 * Level 7.1 Stealth
 - Level 3.0 Unarmed Combat
 + Level 4.3 Shapeshifting


You had 5 spell levels left.
You didn't know any spells.
Your spell library contained the following spells:

 Spells                   Type           Power      Damage    Failure   Level
 Malign Gateway           Summ/Tloc      0%         N/A       100%        7
 Summon Horrible Things   Summ           0%         N/A       100%        8

Inventory:

Talismans
 b - a beast talisman
 c - a flux talisman
Wands
 k - a wand of flame (18)
   (You found it on level 4 of the Dungeon)
Scrolls
 a - a scroll of immolation {unknown}
 d - 2 scrolls of brand weapon {unknown}
 e - 5 scrolls of identify {unknown}
 f - 2 scrolls of revelation {unknown}
 h - a scroll of vulnerability {unknown}
 i - 3 scrolls of teleportation {unknown}
Potions
 g - a potion of enlightenment {unknown}
 j - a potion of haste

Dungeon Overview and Level Annotations

Branches:
Dungeon (4/15) Zot: 21810
 Temple: D:4-7

Altars:

Shops:
D:3

[
#.........#
#......
#.........#
#......
#.........#
#......
####....##
###+###
#....#
#....#
#..?.#
######....#
#...h.....#
#..)o).#'##
#......#.#
#......#.#
#......#.#
#......#
#......#
#......#
#......#


You could see an orc.


Message History

The kobold hits you with a +0 short sword. 😮 HP[-4]
You take 4 damage, and now have 26/38 hp.
You closely miss the kobold. You grab the kobold. You squeeze the kobold.
You constrict the kobold.
You kill the kobold!
You are too injured to fight recklessly!
Things that are here:
a +0 short sword; a kobold corpse Key pressed, stopping explore.
Unknown command. 😎 HP[+12]
Your hp is fully restored (38).
Key pressed, stopping explore.
No target in view!
Things that are here:
a +0 short sword; a kobold corpse
There is an open door here.
Key pressed, stopping explore.
You open the door.
An adder comes into view.
There is an open door here.
An adder is nearby!
An adder is nearby!
An adder is nearby!
The helpless adder fails to defend itself.
You bludgeon the adder! You grab the adder. Your squeeze misses the adder.
You constrict the adder.
You kill the adder!
An orc wizard comes into view. It is wielding a +0 dagger.
The orc wizard moves out of view.
k - a wand of flame (18) No target in view!
No target in view!
Unknown command. 2 orcs come into view.
An orc is nearby!
Nothing quivered!
Nothing quivered!
An orc priest comes into view. It is wielding a +0 hand axe.
The orc priest shouts!
The orc priest invokes the aid of Beogh against you.
Beogh smites you!
The orc shouts! x2
The orc hits you with a +0 whip. 😮 HP[-14]
You take 14 damage, and now have 24/38 hp.
MASSIVE DAMAGE!! (PAUSE) 😮 HP[+1] Unknown command.
It was a potion of haste.
You feel yourself speed up.
The orc hits you with a +0 club. 😮 HP[-4]
You take 4 damage, and now have 21/38 hp.
Unknown command.
You tentacle-slap the orc priest. Your grab misses the orc priest.
You squeeze the orc priest. You tentacle-slap the orc priest.
You kill the orc priest!
The orc hits you with a +0 club.
Unknown command. 😮 HP[-1]
You take 1 damage, and now have 20/38 hp.
You tentacle-slap the orc. Your grab misses the orc. You squeeze the orc.
Unknown command.
You barely miss the orc wizard. Your grab misses the orc wizard.
You tentacle-slap the orc wizard. The orc wizard closely misses you.
The orc barely misses you. x2
You closely miss the orc wizard. Your grab misses the orc wizard.
The orc wizard hits you with a +0 dagger.
The orc hits you with a +0 whip.
* * * LOW HITPOINT WARNING * * *
The orc hits you with a +0 club.
* * * LOW HITPOINT WARNING * * *
😱 HP[-11]
You take 11 damage, and now have 9/38 hp.
MASSIVE DAMAGE!! (PAUSE)
You closely miss the orc wizard. You grab the orc wizard.
You constrict the orc wizard.
Unknown command.
You tentacle-slap the orc wizard. You constrict the orc wizard.
The orc wizard gestures at you while chanting.
The puff of flame misses you. The orc barely misses you. x2
Unknown command.
You tentacle-slap the orc wizard. You constrict the orc wizard.
You kill the orc wizard!
The orc hits you with a +0 whip.
* * * LOW HITPOINT WARNING * * *
The orc completely misses you.
Your Stealth skill increases to level 7! 😱 HP[-6]
You take 6 damage, and now have 3/38 hp.
Unknown command.
You tentacle-slap the orc.
You kill the orc!
Unknown command.
You closely miss the orc. You grab the orc.
You constrict the orc, but do no damage.
The orc hits you with a +0 club.
You die...

Skill      XL: |  1  2  3  4  5  6 |
---------------+-------------------+-----
Stealth        | 1 3 4 6 7 |  7.1
Shapeshifting  | 4 |  4.3
Fighting       | |  1.0
Dodging        | |  2.0
Unarmed Combat | |  3.0

Action                     |  1- 3 |  4- 6 || total
---------------------------+-------+-------++-------
  Melee: Unarmed           |    54 |    84 ||   138
         Tentacles         |    15 |    19 ||    34
         Constrict         |    15 |    16 ||    31
         Punch             |     2 |     3 ||     5
    Use: Potion            |       |     2 ||     2
   Stab: Sleeping          |    10 |    10 ||    20
 Armour: Skin              |    19 |    68 ||    87
  Dodge: Dodged            |    43 |    46 ||    89

Levels and vault maps discovered:
D:1:      scummos_arrival_checkerplants, layout_loops_cross, glass_columns_b,
          minmay_misc_feat_encased, minmay_quantized
D:2:      layout_basic, uniq_jessica
D:3:      layout_rooms, serial_shops, shop, nicolae_underground_beach,
          uniq_pargi
D:4:      layout_basic, grunt_ministairs_7, st_stairs_10

Notes
Turn   | Place    | Note
-------+----------+-------------------------------------------
     0 | D:1      | ytrimaz the Octopode Shapeshifter began the quest for the
                  | Orb.
     0 | D:1      | Reached XP level 1. HP: 13/13 MP: 1/1
     0 | D:1      | magus.rc [v1.9.6]
     3 | D:1      | You add the spells Malign Gateway and Summon Horrible
                  | Things to your library.
   127 | D:1      | Reached skill level 1 in Stealth
   135 | D:1      | Reached XP level 2. HP: 10/18 MP: 2/2
   228 | D:1      | Reached skill level 2 in Stealth
   532 | D:1      | Reached skill level 3 in Stealth
   532 | D:1      | Reached XP level 3. HP: 21/23 MP: 3/3
  1033 | D:2      | Noticed Jessica
  1043 | D:2      | Killed Jessica
  1044 | D:2      | Reached skill level 4 in Stealth
  1044 | D:2      | Reached XP level 4. HP: 28/28 MP: 4/4
  1342 | D:3      | Found Jetulaaps's Armour Emporium.
  1458 | D:3      | Noticed Pargi
  1477 | D:3      | Killed Pargi
  1478 | D:3      | Reached skill level 6 in Stealth
  1478 | D:3      | Reached skill level 4 in Shapeshifting
  1478 | D:3      | Reached XP level 5. HP: 23/33 MP: 5/5
  2044 | D:4      | Reached XP level 6. HP: 35/38 MP: 6/6
  2190 | D:4      | HP: 9/38 [orc/+0 club (5)]
  2193 | D:4      | HP: 3/38 [orc/+0 whip (6)]
  2194 | D:4      | Reached skill level 7 in Stealth
  2195 | D:4      | Slain by an orc

Vanquished Creatures
  Pargi (D:3)
  An orc priest (D:4)
  Jessica (D:2)
  An orc wizard (D:4)
  3 adders
  2 worms (D:3)
  2 dart slugs (D:1)
  4 orcs
  8 ball pythons
  11 endoplasms
  3 giant cockroaches
  6 hobgoblins
  7 jackals
  2 quokkas
  2 bats
  A frilled lizard (D:2)
  5 goblins
  5 kobolds
  4 rats
69 creatures vanquished.

Table legend:
 A = Non-vault XP
 B = Vault XP
 C = Vault XP percentage of total XP
 D = Non-vault monster count
 E = Vault monster count
 F = Vault count percentage of total count
                 A         B        C        D         E       F
            +---------+---------+-------+---------+---------+-------
      Total |     232 |     180 |  43.7 |      64 |       5 |   7.2
            +---------+---------+-------+---------+---------+-------
        D:1 |      32 |       7 |  17.9 |      17 |       3 |  15.0
        D:2 |      44 |      37 |  45.7 |      18 |       1 |   5.3
        D:3 |      53 |     136 |  72.0 |      19 |       1 |   5.0
        D:4 |     103 |       0 |   0.0 |      10 |       0 |   0.0
            +---------+---------+-------+---------+---------+-------

Skill      XL: |  1  2  3  4  5  6 |
---------------+-------------------+-----
Stealth        | 1 3 4 6 7 |  7.1
Shapeshifting  | 4 |  4.3
Fighting       | |  1.0
Dodging        | |  2.0
Unarmed Combat | |  3.0

Action                     |  1- 3 |  4- 6 || total
---------------------------+-------+-------++-------
  Melee: Unarmed           |    54 |    84 ||   138
         Tentacles         |    15 |    19 ||    34
         Constrict         |    15 |    16 ||    31
         Punch             |     2 |     3 ||     5
    Use: Potion            |       |     2 ||     2
   Stab: Sleeping          |    10 |    10 ||    20
 Armour: Skin              |    19 |    68 ||    87
  Dodge: Dodged            |    43 |    46 ||    89

Illustrated notes

Table legend:
 A = Kills in this place as a percentage of kills in the entire game.
 B = Kills by you in this place as a percentage of kills by you in the entire game.
 C = Kills by friends in this place as a percentage of kills by friends in the entire game.
 D = Other kills in this place as a percentage of other kills in the entire game.
 E = Experience gained in this place as a percentage of experience gained in the entire game.
 F = Experience gained in this place divided by the number of levels of this place that you have seen.
                   A       B       C       D       E      F
               +-------+-------+-------+-------+-------+----------------------
         Total | 100.0 | 100.0 |   N/A |   N/A | 100.0 | 103.0
       Dungeon | 100.0 | 100.0 |   N/A |   N/A | 100.0 | 103.0
               +-------+-------+-------+-------+-------+----------------------

Table legend: (Time is in decaauts)
 A = Elapsed time spent in this place.
 B = Non-inter-level travel time spent in this place.
 C = Inter-level travel time spent in this place.
 D = Time resting spent in this place.
 E = Time spent auto-exploring this place.
 F = Levels seen in this place.
 G = Mean time per level.
                   A        B        C        D        E       F      G
               +--------+--------+--------+--------+--------+-----+--------+
         Total |   2188 |   2145 |     43 |      5 |   1694 |   4 |  547.0 |
       Dungeon |   2188 |   2145 |     43 |      5 |   1694 |   4 |  547.0 |
               +--------+--------+--------+--------+--------+-----+--------+

Top non-repeatable levels by time:
     D:1: 754 daAuts
     D:2: 585 daAuts
     D:3: 560 daAuts
     D:4: 287 daAuts
